montu, chaotic male human Wizard ----- ---------- -------------- ##....| |...*....| #######..........[..| # |...| #.........| # |......<.....| ------------ # |...| ###|........|### |............| |...........## # |....# # |.........# #-............| |..........| # # |...|# #%# |........| #|............| |...........########+...|# % |........| #-------------- ------.----- ##-----# % ---.------ #### # ################### ########## # # # # # # # # # # # -------.--------# # # ######### # |...........^.e-# ## # #---------# |..............| -.----------# #|.......|# |......@M......| |..........|# #|.......|# |..>...........| |...........# #|.......|# ---------------- |..........| #|.......|# |...........#####........-# ------------ --------- montu the Thaumaturge Experience level: 6 Strength: 11 Dexterity: 16 Constitution: 12 Intelligence: 16 Wisdom: 11 Charisma: 12 Health: 0(62) Energy: 12(50) Def: 7 Gold: 211 Moves: 3401 Dungeon seed: e7B9wtHFWQlXr8AJ Game ID: montu_1706300974 Your Inventory: Coins $ - 211 gold pieces Weapons a - a blessed +1 quarterstaff (weapon in hands) Armor e - an uncursed +0 cloak of magic resistance (being worn) y - an uncursed +0 splint mail of aggravate monster (being worn) Comestibles T - 2 uncursed food rations V - an uncursed melon Scrolls k - an uncursed scroll of confuse monster m - a cursed scroll of stinking cloud Potions l - an uncursed potion of gain level M - an uncursed potion of extra healing O - a potion of unholy water Q - an uncursed potion of gain energy Wands b - an uncursed wand of striking (0:0) i - an uncursed wand of light (0:14) Tools h - an uncursed blindfold p - an uncursed tinning kit (0:32) S - 2 uncursed tallow candles (0:200) U - an uncursed stethoscope W - an uncursed tin whistle Gems n - an uncursed worthless piece of orange glass q - 3 uncursed worthless pieces of green glass Spells and supernatural/magical abilities: Name Level Category Cost Memory a - force bolt 1 attack 6pw 95% h - healing 1 healing 12pw 95% m - magic missile 2 attack 12pw 95% r - remove curse 3 clerical 37pw 95% W - pray for help -- divine ? -- Your skills at the end: Fighting Skills wands [Basic] Weapon Skills quarterstaff [Skilled] Spellcasting Skills attack spells [Skilled] enchantment spells [Basic] Final Attributes: You were piously aligned. You were magic resistant. You were visible. You aggravated monsters. You were slow. You were lucky. You last prayed 2649 turns ago. Anhur was noncommittal. You are dead. Vanquished creatures: a leprechaun a fog cloud a yellow light 5 giant ants a little dog a kobold lord 5 rothes a centipede a giant bat 2 wererats an iguana an acid blob a hobbit 2 giant rats a yellow mold a gnome 4 geckos 6 jackals 4 foxes a kobold a goblin 4 sewer rats 9 grid bugs 3 lichens a newt 59 creatures vanquished. Voluntary challenges: You used a wielded weapon 64 times, starting on turn 245. You read items or engraved 1 time, starting on turn 3270. You never genocided any monsters. You never polymorphed an object. You never changed form. You used no wishes. You never split a pudding. You never wrote Elbereth's name. You never violated your personal moral code. Dungeon overview: The Dungeons of Doom: levels 1 to 7 Level 1 some fountains a long staircase Level 2 a general store Level 3 a general store stairs to The Gnomish Mines Level 4 Level 5 a fountain, a vault Level 6 some fountains, a vault Level 7 <- You were here a vault The Gnomish Mines: Level 4 stairs to The Dungeons of Doom History has recorded: On T:1 you entered the Dungeons of Doom to retrieve the Amulet of Yendor! On T:333 you reached level 2 of The Dungeons of Doom. On T:779 you advanced to experience level 2. On T:1124 you reached level 3 of The Dungeons of Doom. On T:1183 you advanced to experience level 3. On T:1466 you reached level 1 of The Gnomish Mines. On T:1494 you reached level 4 of The Dungeons of Doom. On T:1504 you advanced to experience level 4. On T:1861 you reached level 5 of The Dungeons of Doom. On T:1947 you reached level 6 of The Dungeons of Doom. On T:2023 you advanced to experience level 5. On T:2792 you reached level 7 of The Dungeons of Doom. On T:3390 you advanced to experience level 6. Score breakdown: Gold: 211 ( 7913 points) Experience: 6 levels (12456 points) Exploration: 7 levels ( 14.89%) (10834 points) Discoveries: 2 items ( 0.67%) ( 2457 points) Valuables value: (no points given unless you survive) Artifact value: 0 ( 0 points) Variety of kills: 25 monsters ( 6.58%) ( 7694 points) Turncount: 3401 turns ( -785 points) Survival: died (score multiplied by 80%) Total score: 32455 Latest messages: The giant ant bites! [2 turns] You kill the giant ant! Welcome to experience level 6. The dwarf mummy hits! (2x) [2 turns] You see here a whistle. The dwarf mummy hits! You hear someone counting money. [2 turns] W - a whistle. The dwarf mummy hits! (2x) [2 turns] The dwarf mummy hits! [2 turns] The force bolt misses the dwarf mummy. The dwarf mummy hits! [2 turns] The force bolt hits the dwarf mummy! The dwarf mummy hits! (2x) You die... Final status: Goodbye montu the Wizard, killed by a dwarf mummy... You died in The Dungeons of Doom on dungeon level 7 with 32455 points, and 211 pieces of gold, after 3401 moves. You were level 6 with a maximum of 62 hit points when you died.